 Dungeon Crawl Stone Soup version 0.28.0-53-g5a82cb258f (webtiles) character file.

Game seed: 2138224914137226237

452 Scuddy the Chopper (level 6, -3/47 HPs)
             Began as a Demonspawn Fighter on July 4, 2022.
             Killed by nerve-wracking pain
             ... invoked by an orc priest
              (9 damage)
             ... on level 5 of the Dungeon.
             The game lasted 00:05:02 (3531 turns).

Scuddy the Chopper (Demonspawn Fighter)             Turns: 3531, Time: 00:05:03

Health: -3/47      AC:  8    Str: 17    XL:     6   Next: 75%
Magic:  6/6        EV:  9    Int: 11    God:
Gold:   76         SH:  5    Dex: 12    Spells: 5/5 levels left

rFire   . . .      SeeInvis .   a - +0 war axe
rCold   . . .      Faith    .   c - +0 buckler
rNeg    . . .      Spirit   .   b - +0 scale mail
rPois   .          Reflect  .   (helmet restricted)
rElec   .          Harm     .   (no cloak)
rCorr   .          Rampage  .   (no gloves)
Will    .....                   (no boots)
Stlth   ..........              (no amulet)
HPRegen 0.15/turn               (no ring)
MPRegen 0.10/turn               (no ring)

@: no status effects
A: antennae 2, yellow scales 1, demonic guardian 1
a: no special abilities


You were on level 5 of the Dungeon.
You visited 1 branch of the dungeon, and saw 5 of its levels.

You collected 76 gold pieces.

Inventory:

Hand Weapons
 a - a +0 war axe (weapon)
Armour
 b - a +0 scale mail (worn)
 c - a +0 buckler (worn)
Wands
 p - a wand of flame (6)
Scrolls
 e - 2 scrolls of enchant armour {unknown}
 f - a scroll of teleportation {unknown}
 i - 3 scrolls of identify {unknown}
 l - a scroll of holy word {unknown}
Potions
 d - 2 potions of might
 g - a potion of heal wounds {unknown}
 h - a potion of lignification {unknown}
 j - 2 potions of invisibility {unknown}
 k - a potion of berserk rage {unknown}
 m - 2 potions of curing {unknown}
 n - a potion of ambrosia {unknown}
 o - a potion of haste {unknown}


   Skills:
 - Level 3.0 Fighting
 * Level 5.5 Axes
 - Level 2.6 Armour
 + Level 4.5 Shields


You had 5 spell levels left.
You didn't know any spells.
Your spell library was empty.

Dungeon Overview and Level Annotations

Branches:
Dungeon (5/15)
 Temple: D:4-7

Altars:
Dithmenos

Shops:
D:4 (*


Innate Abilities, Weirdness & Mutations

You have a pair of antennae on your head.
You are partially covered in yellow scales. (AC +2)
A weak demonic guardian rushes to your aid.


Message History

The orc priest looks braver for a moment.
The orc priest moves out of view.
An orc priest and an orc come into view.
The orc shouts!
The orc priest hits you with a +0 trident.
A demonic guardian appears!
You hit the orc priest but do no damage.
You hit the hound but do no damage. The hound barely misses you.
You block the hound's attack.
The orc priest calls down the wrath of Beogh upon you.
Pain shoots through your body!
The orc priest casts a cantrip, but nothing happens.
You hit the orc priest.
The orc priest is moderately wounded.
You slash the hound!
Your ufetubus closely misses the hound.
Your ufetubus hits the hound but does no damage.
The hound bites you but does no damage. The orc priest barely misses you.
Your ufetubus hits the hound.
The hound dies!
You swap places.
Your ufetubus hits the orc priest. x2
The orc priest hits you but does no damage.
Your ufetubus completely misses the orc priest.
Your ufetubus hits the orc priest.
The orc priest hits your ufetubus with a +0 trident.
The orc priest calls down the wrath of Beogh upon you.
Beogh smites you!
* * * LOW HITPOINT WARNING * * *
Your ufetubus misses the orc priest. Your ufetubus hits the orc priest.
Your ufetubus closely misses the orc priest.
Your ufetubus hits the orc priest.
The orc priest hits your ufetubus with a +0 trident.
Your ufetubus dies!
Your ufetubus disappears in a puff of smoke!
The orc priest calls down the wrath of Beogh upon you.
Beogh smites you!
* * * LOW HITPOINT WARNING * * *
There is a stone staircase leading up here.
The orc priest invokes the aid of Beogh against you.
Pain shoots through your body!
You die...

#### ...# ###...###
##.......###########
#..................# #
#........# ##.## .#
##........########.#.###.#
...)............@.###....#
..{.......######.#.#.#.###
####......# ##.##.##.### #
##...#.# #..#####...# #
##o##.# #..# #.#.# #
#{##.# #.o#####.#.# #.##.#
#o.......#.#
#.##.#####.###.####.#
#.##.o{)............#


You could see an orc priest and an orc wizard.

Vanquished Creatures
  An ogre (D:5)
  A necrophage (D:4)
  A water moccasin skeleton (D:4)
  A hound (D:4)
  A jelly (D:5)
  An iguana (D:4)
  5 adders
  An ufetubus (D:4)
  2 dart slugs
  6 orcs (D:4)
  8 ball pythons
  7 endoplasms
  A giant cockroach (D:1)
  6 goblins
  7 hobgoblins
  2 jackals (D:1)
  A quokka (D:2)
  5 bats
  3 frilled lizards
  3 kobolds
  6 rats
69 creatures vanquished.

Vanquished Creatures (collateral kills)
  A hound (D:5)
1 creature vanquished.

Grand Total: 70 creatures vanquished

Notes
Turn   | Place    | Note
-------+----------+-------------------------------------------
     0 | D:1      | Scuddy the Demonspawn Fighter began the quest for the Orb.
     0 | D:1      | Reached XP level 1. HP: 18/18 MP: 1/1
    22 | D:1      | Reached skill level 2 in Axes
   128 | D:1      | Gained mutation: You have a pair of small antennae on your
                  | head. [demonic ancestry]
   128 | D:1      | Reached XP level 2. HP: 24/24 MP: 2/2
   514 | D:1      | Gained mutation: You are partially covered in yellow
                  | scales. (AC +2) [demonic ancestry]
   514 | D:1      | Reached XP level 3. HP: 23/29 MP: 3/3
   753 | D:2      | Found a faded altar of an unknown god.
   857 | D:2      | Reached skill level 3 in Axes
  1344 | D:2      | Reached XP level 4. HP: 35/35 MP: 4/4
  2157 | D:4      | Noticed a necrophage
  2167 | D:4      | Killed a necrophage
  2168 | D:4      | Reached skill level 4 in Axes
  2168 | D:4      | Gained mutation: You have a pair of antennae on your head.
                  | [demonic ancestry]
  2168 | D:4      | Reached XP level 5. HP: 38/41 MP: 5/5
  2285 | D:4      | Found Ycsaegav's Antique Weapon Emporium.
  2630 | D:4      | Found Ixzog's Gadget Gallery.
  2988 | D:4      | Found a shadowy altar of Dithmenos.
  3047 | D:4      | Reached skill level 5 in Axes
  3047 | D:4      | Gained mutation: A weak demonic guardian rushes to your
                  | aid. [demonic ancestry]
  3047 | D:4      | Reached XP level 6. HP: 42/47 MP: 6/6
  3300 | D:5      | Entered Level 5 of the Dungeon
  3506 | D:5      | HP: 2/47 [orc priest/divine providence (11)]
  3531 | D:5      | Killed from afar by an orc priest

Illustrated notes

Levels and vault maps discovered:
D:1:      scummos_arrival_simple_crosswalls, layout_rooms
D:2:      layout_basic, ebering_ecumenical_altar_webs,
          kennysheep_decorative_pillar
D:3:      layout_basic
D:4:      layout_gridville, nicolae_dithmenos_the_darkroom, serial_shops, shop,
          nicolae_shop_gadgets
D:5:      layout_loops_ring, minmay_temple_entry_arrows, serial_shops, shop

Skill      XL: |  1  2  3  4  5 |
---------------+----------------+-----
Axes           | 2 3 4 5 |  5.5
Shields        | 3 4 |  4.5
Fighting       | |  3.0
Armour         | |  2.6

Action                   |  1- 3 |  4- 6 || total
-------------------------+-------+-------++-------
Melee: War axe           |   117 |   110 ||   227
Armor: Scale mail        |    62 |    51 ||   113
Dodge: Dodged            |    52 |    58 ||   110
Block: Buckler           |    39 |    25 ||    64
